 Dungeon Crawl Stone Soup version 0.26-a0-854-gdc81c2f471 (webtiles) character file.

Game seed: 15828840117201763824

27 Alado the Conjurer (level 2, -1/20 HPs)
             Began as a Draconian Conjurer on Nov 24, 2020.
             Slain by a hound (5 damage)
             ... on level 2 of the Dungeon.
             The game lasted 00:10:01 (970 turns).

Alado the Conjurer (Draconian Conjurer)              Turns: 970, Time: 00:10:02

Health: -1/20      AC:  4    Str:  8 (9)  XL:     2   Next: 93%
Magic:  0/5        EV: 12    Int: 17 (18) God:
Gold:   47         SH:  0    Dex:  8 (9)  Spells: 2/5 levels left

rFire    . . .     SeeInvis .   d - +4 spear
rCold    . . .     Faith    .   (no shield)
rNeg     . . .     Spirit   .   (armour unavailable)
rPois    .         Reflect  .   (helmet restricted)
rElec    .         Harm     .   (no cloak)
rCorr    .         Rampage  .   (no gloves)
MR       .....                  (no boots)
Stlth    ++........             (no amulet)
HPRegen  0.06/turn              (no ring)
MPRegen  0.09/turn              (no ring)

@: no status effects
A: unfitting armour, cold-blooded, AC +4
a: no special abilities


You were on level 2 of the Dungeon.
You visited 1 branch of the dungeon, and saw 2 of its levels.

You collected 47 gold pieces.

Inventory:

Hand Weapons
 d - a +4 spear (weapon)
Missiles
 b - 14 poisoned darts (quivered)
Jewellery
 a - a cursed amulet of inaccuracy {unknown}
Scrolls
 c - a scroll of teleportation


   Skills:
 + Level 0.5 Throwing
 + Level 1.8 Dodging
 + Level 1.8 Stealth
 + Level 2.1 Spellcasting
 + Level 4.6 Conjurations


You had 2 spell levels left.
You knew the following spells:

 Your Spells              Type           Power        Failure   Level
a - Magic Dart            Conj           ###.         2%          1
b - Searing Ray           Conj           ###...       4%          2

Your spell library contained the following spells:

 Spells                   Type           Power        Failure   Level
 Dazzling Flash           Conj/Hex       #.....       22%         3
 Fulminant Prism          Conj/Hex       #.........   58%         4
 Iskenderun's Mystic Bla  Conj/Tloc      #.......     58%         4


Dungeon Overview and Level Annotations

Branches:
Dungeon (2/15)

Altars:


Innate Abilities, Weirdness & Mutations

Your plain brown scales are hard. (AC +4)
You cannot fit into any form of body armour.
You are cold-blooded and may be slowed by cold attacks.


Message History

Press: ? - help, Shift-Dir - straight line, f/p - hound
Aim: a hound (lightly wounded, 0% to evade)
The magic dart hits the hound.
The hound is heavily wounded.
The hound bites you.
* * * LOW HITPOINT WARNING * * *
Casting: Magic Dart (safe; 2% risk of failure)
Confirm with . or Enter, or press ? or * to list all spells.
You don't know that spell.
Casting: Magic Dart (safe; 2% risk of failure)
Confirm with . or Enter, or press ? or * to list all spells.
Aiming: Searing Ray (safe; 4% risk of failure)
Press: ? - help, Shift-Dir - straight line, f/p - hound
Aim: a hound (heavily wounded)
The searing ray hits the hound!
The hound is almost dead. (Press . to maintain the ray.)
The hound stops to sniff the ground.
The hound closely misses you. The hound bites you.
You die...

........#
#.#....#######.#######
#.#..!.#..............
.....h#.####.########
#.(..#.# #.#
#....#.####.########
...#.............#
#.######.######.#
#.†h@....#...†#.#
#.########.##.#.#####
#. #.........<# ..
############ .?. ....
..... ###..#


You could see a hound.

Vanquished Creatures
  A worm (D:2)
  A dart slug (D:1)
  A leopard gecko (D:2)
  2 bats
  2 giant cockroaches (D:1)
  2 goblins (D:1)
  3 hobgoblins (D:1)
  3 frilled lizards (D:1)
  2 kobolds (D:1)
  4 rats (D:1)
21 creatures vanquished.

Notes
Turn   | Place    | Note
-------+----------+-------------------------------------------
     0 | D:1      | Alado the Draconian Conjurer began the quest for the Orb.
     0 | D:1      | Reached XP level 1. HP: 14/14 MP: 3/3
   216 | D:1      | Reached XP level 2. HP: 20/20 MP: 1/5
   219 | D:1      | Learned a level 2 spell: Searing Ray
   970 | D:2      | Slain by a hound

Illustrated notes

Levels and vault maps discovered:
D:1:      lemuel_arrival_tunnels, layout_basic
D:2:      layout_basic, minivault_24

Action                   || total
-------------------------++-------
Melee: Unarmed           ||     8
       Spear             ||    22
Throw: Dart              ||    30
 Cast: Magic Dart        ||    27
       Searing Ray       ||     1
  Use: Scroll            ||     5
       Potion            ||     1
Armor: Skin              ||     7
Dodge: Dodged            ||    15

Table legend: (Time is in decaauts)
 A = Elapsed time spent in this place.
 B = Non-inter-level travel time spent in this place.
 C = Inter-level travel time spent in this place.
 D = Time resting spent in this place.
 E = Time spent auto-exploring this place.
 F = Levels seen in this place.
 G = Mean time per level.
                   A        B        C        D        E       F      G
               +--------+--------+--------+--------+--------+-----+--------+
         Total |    971 |    959 |     12 |    134 |    657 |   2 |  485.5 |
       Dungeon |    971 |    959 |     12 |    134 |    657 |   2 |  485.5 |
               +--------+--------+--------+--------+--------+-----+--------+

Top non-repeatable levels by time:
     D:1: 844 daAuts
     D:2: 127 daAuts
